Map: Romanticide LE

Players

SKillous

  • Race: Protoss Protoss
  • League: Master
  • Spawn Location: 11:00

Dream - Winner!

  • Race: Terran Terran
  • Spawn Location: 5:00

Event: Cheeseadelphia Winter Championship 2021

VOD

Have the link to the VOD?

Description

Time

  • Played on: Jan. 23, 2021, 2:13 p.m.
  • Length: 16:24

All games in this series

Show
View Real Time Build Order
Export as new Build Order

SKillous Protoss 

Build Orders: 1 Gate Expand, Phoenix Opening, Mass Phoenix 

Get SALT Encoding   

  12  0:00  Probe  
  13  0:12  Probe  
  14  0:19  Pylon  
  14  0:24  Probe  
  15  0:37  Gateway, Probe (Chrono Boost)  
  16  0:47  Assimilator, Probe (Chrono Boost)  
  17  0:51  Probe (Chrono Boost)  
  18  1:03  Probe  
  19  1:15  Probe  
  20  1:24  Cybernetics Core  
  20  1:33  Nexus  
  20  1:39  Pylon  
  20  1:42  Probe  
  21  1:47  Assimilator  
  21  1:55  Probe  
  21  1:57  Adept (Chrono Boost)  
  24  2:07  Probe  
  25  2:19  Probe  
  25  2:20  Adept (Chrono Boost)  
  25  2:21  Stargate  
  28  2:31  Probe  
  28  2:35  Warp Gate  
  30  2:44  Adept  
  30  2:45  Probe (Chrono Boost)  
  30  2:48  Probe (Chrono Boost)  
  33  2:54  Probe (Chrono Boost)  
  33  2:57  Probe (Chrono Boost)  
  35  2:59  Probe (Chrono Boost)  
  35  3:05  Phoenix (Chrono Boost)  
  38  3:07  Probe  
  38  3:11  Probe  
  40  3:16  Shield Battery  
  40  3:19  Probe  
  41  3:23  Phoenix (Chrono Boost), Probe  
  41  3:27  Pylon  
  44  3:31  Probe  
  45  3:36  Probe  
  46  3:45  Phoenix (Chrono Boost), Probe  
  49  3:48  Probe  
  49  3:52  Nexus  
  50  3:57  Probe  
  50  3:58  Pylon  
  50  4:02  Phoenix (Chrono Boost)  
  52  4:12  Probe  
  51  4:17  Probe  
  51  4:22  Phoenix (Chrono Boost)  
  55  4:24  Probe  
  55  4:28  Pylon  
  55  4:29  Gateway x2  
  56  4:31  Probe  
  56  4:38  Twilight Council, Probe  
  58  4:45  Probe (Chrono Boost)  
  58  4:47  Phoenix  
  58  4:50  Probe (Chrono Boost)  
  61  4:54  Assimilator  
  61  4:56  Assimilator  
  61  4:59  Forge  
  62  5:02  Probe (Chrono Boost)  
  62  5:03  Probe (Chrono Boost)  
  62  5:06  Probe (Chrono Boost)  
  64  5:12  Phoenix  
  64  5:13  Probe (Chrono Boost)  
  64  5:14  Probe x2 (Chrono Boost)  
  69  5:21  Probe (Chrono Boost)  
  70  5:23  Probe (Chrono Boost)  
  70  5:24  Probe (Chrono Boost)  
  70  5:28  Charge  
  70  5:31  Probe (Chrono Boost)  
  70  5:33  Protoss Ground Armor Level 1 (Chrono Boost)  
  70  5:34  Gateway, Probe x2 (Chrono Boost)  
  70  5:35  Gateway  
  73  5:37  Pylon  
  73  5:44  Probe x3  
  73  5:47  Phoenix  
  78  5:56  Probe x2  
  80  5:57  Robotics Facility  
  80  6:01  Probe  
  81  6:06  Assimilator  
  81  6:08  Probe x2  
  81  6:10  Assimilator, Gateway  
  81  6:11  Gateway  
  83  6:12  Gateway  
  83  6:13  Pylon  
  83  6:15  Pylon  
  83  6:17  Probe  
  84  6:20  Probe  
  84  6:21  Sentry  
  84  6:23  Pylon  
  87  6:33  Probe x2  
  90  6:42  Zealot x4  
  99  6:47  Observer (Chrono Boost), Robotics Facility  
  99  6:48  Robotics Bay, Pylon  
  99  6:50  Pylon  
  99  6:51  Photon Cannon  
  98  6:55  Photon Cannon  
  98  6:59  Sentry  
  100  7:02  Observer  
  100  7:04  Pylon  
  100  7:05  Pylon  
  100  7:06  Zealot  
  100  7:07  Zealot  
  105  7:16  Pylon  
  105  7:19  Zealot x3  
  105  7:20  Zealot x2  
  113  7:25  Blink  
  113  7:31  Colossus (Chrono Boost)  
  113  7:32  Colossus (Chrono Boost), Photon Cannon  
  125  7:38  Protoss Ground Weapons Level 1 (Chrono Boost)  
  125  7:40  Extended Thermal Lance  
  125  7:52  Nexus  
  125  7:53  Pylon  
  123  8:05  Probe  
  124  8:11  Forge  
  124  8:12  Colossus x2 (Chrono Boost), Probe x2  
  132  8:14  Shield Battery  
  132  8:17  Zealot x2, Probe  
  143  8:26  Zealot x3  
  136  8:35  Zealot x3  
  136  8:40  Zealot x2  
  132  8:46  Templar Archives  
  132  8:48  Probe x2  
  134  8:56  Stalker x3  
  134  9:01  Stalker  
  134  9:02  Sentry  
  145  9:06  Observer (Chrono Boost)  
  145  9:09  Observer (Chrono Boost)  
  146  9:15  Gateway  
  146  9:16  Gateway, Zealot x3  
  152  9:20  Zealot x3  
  144  9:40  Photon Cannon  
  144  9:41  Probe  
  144  9:43  Zealot x3  
  144  9:44  Zealot x3  
  149  9:46  Probe  
  150  9:53  Pylon  
  150  9:54  Probe  
  150  9:56  Pylon  
  150  9:57  Probe  
  150  10:02  Pylon  
  150  10:03  Observer  
  144  10:07  Warp Prism  
  133  10:16  Stalker x8  
  133  10:19  Probe (Chrono Boost)  
  133  10:20  Observer  
  136  10:21  Probe (Chrono Boost)  
  136  10:24  Probe (Chrono Boost)  
  136  10:25  Probe (Chrono Boost)  
  135  10:30  Assimilator  
  135  10:31  Assimilator  
  135  10:33  Probe (Chrono Boost)  
  136  10:35  Probe (Chrono Boost)  
  136  10:38  Zealot, Probe (Chrono Boost)  
  136  10:39  Zealot x3  
  144  10:45  Zealot x6  
  144  10:47  Probe  
  157  10:53  Disruptor (Chrono Boost)  
  164  11:00  Disruptor (Chrono Boost)  
  162  11:04  Pylon  
  162  11:05  Pylon  
  162  11:06  Protoss Ground Weapons Level 2 (Chrono Boost)  
  162  11:07  Pylon  
  162  11:08  Forge  
  162  11:12  Pylon  
  162  11:16  High Templar  
  162  11:18  Pylon  
  164  11:24  High Templar x4  
  164  11:25  High Templar x2  
  176  11:28  Nexus  
  176  11:30  Archon x3  
  176  11:31  High Templar x2  
  176  11:32  Zealot  
  182  11:36  Archon  
  182  11:39  Protoss Ground Armor Level 2 (Chrono Boost), Disruptor  
  182  11:40  Disruptor  
  155  12:03  Zealot x10  
  157  12:15  Disruptor x2 (Chrono Boost)  
  147  12:17  Probe  
  152  12:28  Observer  
  150  12:33  Sentry x2  
  150  12:34  High Templar x3  
  150  12:37  Zealot x5  
  162  12:38  Archon  
  162  12:41  Probe x2, Photon Cannon  
  172  12:46  Photon Cannon, Probe  
  172  12:50  Archon  
  173  12:52  Shield Battery  
  173  12:56  Probe x2  
  168  13:11  Zealot x10  
  188  13:18  Void Ray (Chrono Boost)  
  188  13:21  Probe x3  
  188  13:25  Protoss Ground Weapons Level 3 (Chrono Boost)  
  195  13:37  Fleet Beacon, Photon Cannon  
  195  13:39  Photon Cannon  
  195  13:41  Shield Battery  
  195  13:43  Pylon  
  195  13:46  Pylon  
  191  13:59  Zealot  
  193  14:03  Stalker x3  
  193  14:07  Assimilator  
  193  14:08  Assimilator  
  199  14:23  Zealot x7  
  199  14:30  Zealot  
  199  14:31  Zealot x2  
  175  14:43  Zealot x3  
  175  14:44  Zealot x4  
  147  15:00  Zealot x2  
  147  15:01  Zealot  
  147  15:05  Zealot x2  
  147  15:06  Zealot x5  
  114  15:23  Stalker x3  
  114  15:24  Disruptor (Chrono Boost)  
  120  15:28  Stalker x4  
  120  15:29  Stalker, Zealot x2  
  120  15:35  Stargate  
  134  15:36  Disruptor (Chrono Boost)  
  134  15:39  Stargate  
  128  15:47  Zealot, Disruptor (Chrono Boost)  
  128  15:48  Zealot x2  
  127  15:50  Zealot x2  
  127  15:52  Zealot x3  
  125  16:02  Stalker x2  
Show
View Real Time Build Order
Export as new Build Order

Dream Terran - Winner!

Build Orders:  

Get SALT Encoding   

  12  0:00  SCV  
  13  0:12  SCV  
  14  0:17  Supply Depot  
  14  0:24  SCV  
  15  0:38  SCV  
  15  0:39  Barracks  
  16  0:43  Refinery  
  16  0:50  SCV  
  17  1:02  SCV  
  18  1:14  SCV  
  19  1:28  Orbital Command, Marine  
  20  1:41  Command Center  
  20  1:51  Factory  
  20  1:55  SCV  
  21  2:02  Barracks Reactor  
  21  2:06  Supply Depot  
  21  2:10  SCV  
  22  2:16  Bunker  
  22  2:22  SCV  
  23  2:34  SCV  
  24  2:41  Starport  
  24  2:43  Hellion x2  
  28  2:46  SCV  
  29  2:59  Orbital Command  
  29  3:00  SCV  
  29  3:05  Hellion  
  32  3:07  Hellion  
  32  3:12  SCV  
  35  3:17  Medivac  
  37  3:25  SCV x2  
  39  3:30  Refinery  
  39  3:32  Marine x2  
  41  3:34  Supply Depot  
  41  3:37  SCV x2  
  43  3:43  Barracks, Factory Tech Lab  
  43  3:49  SCV x2  
  43  3:52  Marine  
  43  3:55  Marine  
  46  3:56  Barracks  
  47  4:06  SCV  
  47  4:07  SCV  
  47  4:13  Cyclone  
  47  4:14  Marine  
  47  4:15  Marine  
  46  4:18  SCV  
  46  4:19  SCV  
  46  4:23  Command Center  
  48  4:29  Viking  
  48  4:30  SCV  
  51  4:32  SCV  
  51  4:34  Barracks Tech Lab, Marine  
  51  4:35  Marine  
  54  4:39  Supply Depot  
  54  4:42  SCV  
  54  4:47  Supply Depot  
  54  4:55  Engineering Bay x2  
  54  4:58  Refinery  
  54  4:59  Barracks Tech Lab  
  54  5:00  SCV x2  
  54  5:02  Stimpack  
  54  5:05  Marine x2  
  58  5:07  Marine  
  58  5:12  SCV x2  
  60  5:18  Marine  
  61  5:22  Terran Infantry Armor Level 1, Terran Infantry Weapons Level 1  
  61  5:24  SCV x2  
  61  5:25  Refinery  
  61  5:27  Marine  
  64  5:33  Missile Turret  
  64  5:36  Combat Shield  
  64  5:37  SCV x2, Marine x2  
  64  5:38  Marine  
  67  5:45  Starport Reactor  
  67  5:49  Orbital Command, SCV x2  
  69  5:53  Marine  
  69  5:54  Marine  
  69  5:56  Factory Reactor  
  71  6:00  Marauder x2  
  71  6:01  SCV x2  
  77  6:11  Barracks  
  77  6:13  SCV x2  
  77  6:14  Barracks, Orbital Command  
  79  6:19  Marine x2  
  79  6:22  Supply Depot  
  79  6:25  SCV x2  
  83  6:26  Marauder  
  83  6:28  Marauder  
  82  6:37  SCV x2, Marine  
  85  6:44  Marine  
  85  6:46  Supply Depot x3  
  86  6:47  Supply Depot  
  86  6:48  Marauder  
  86  6:49  SCV x2  
  86  6:52  SCV  
  86  6:53  Missile Turret  
  91  6:54  Concussive Shells  
  91  6:59  Armory  
  91  7:01  SCV x2  
  91  7:04  Missile Turret  
  91  7:05  Barracks Reactor, Barracks Tech Lab  
  91  7:07  Marine x2  
  91  7:08  Refinery, SCV  
  96  7:13  SCV  
  93  7:16  SCV  
  93  7:17  Marauder x2  
  93  7:20  SCV  
  99  7:25  SCV  
  99  7:27  Marine x2  
  99  7:28  SCV  
  99  7:29  Medivac x2  
  107  7:32  SCV  
  107  7:33  Widow Mine x2  
  107  7:35  Marauder  
  114  7:38  SCV, Marine  
  114  7:39  Marauder  
  114  7:40  SCV  
  114  7:41  Refinery  
  119  7:45  Supply Depot, Marine x2  
  119  7:47  Marine x2  
  119  7:48  SCV  
  119  7:50  SCV  
  125  7:54  SCV  
  125  7:56  Supply Depot  
  122  8:01  Marauder, Marine  
  122  8:03  Terran Infantry Weapons Level 2  
  122  8:04  Terran Infantry Armor Level 2  
  125  8:12  Supply Depot  
  125  8:13  Supply Depot  
  125  8:17  Viking, Marauder, SCV x3, Marine  
  125  8:18  Medivac  
  135  8:24  Marauder x2, Marine x2  
  140  8:31  Marine  
  137  8:35  Marine  
  137  8:38  Widow Mine x2  
  137  8:39  Marauder  
  144  8:42  Marine  
  144  8:44  Marine  
  144  8:46  Marauder x2, SCV x2  
  144  8:47  Viking  
  152  8:48  Medivac  
  154  9:00  Marauder  
  154  9:01  Marine  
  157  9:06  Supply Depot  
  157  9:08  Supply Depot  
  157  9:09  Supply Depot  
  157  9:11  Terran Ship Weapons Level 1  
  157  9:13  Ghost Academy  
  157  9:16  Marine  
  155  9:21  Marine x2  
  155  9:23  Marine  
  153  9:33  Marauder x3  
  153  9:34  Marine  
  153  9:38  Widow Mine x2  
  164  9:39  Medivac x2  
  166  9:48  Marine x2  
  166  9:50  Enhanced Shockwaves  
  159  9:53  Command Center  
  159  9:54  Marauder  
  159  9:57  Marine x2  
  151  10:05  Ghost  
  151  10:06  Ghost  
  151  10:07  Marine x2  
  152  10:09  Medivac  
  135  10:15  Medivac, Marine x2  
  135  10:17  Ghost  
  131  10:24  Marine  
  131  10:25  Marine  
  131  10:26  Terran Infantry Weapons Level 3  
  123  10:32  Marine  
  123  10:34  Ghost x2  
  125  10:39  Viking  
  127  10:43  Marine x2  
  127  10:44  Marine  
  127  10:45  Viking  
  127  10:47  Marauder  
  128  10:52  Widow Mine x2  
  128  10:55  Marine  
  131  11:03  Marauder  
  131  11:04  Marauder  
  134  11:05  Marine x3  
  134  11:08  Marauder  
  139  11:12  Terran Infantry Armor Level 3  
  139  11:13  Marine  
  139  11:14  Viking  
  142  11:20  Viking  
  142  11:24  Marine x2  
  142  11:25  Marauder x2  
  150  11:27  Planetary Fortress  
  150  11:28  Marine  
  150  11:29  Marauder  
  150  11:30  Marine  
  154  11:34  Missile Turret  
  154  11:35  SCV x3  
  154  11:38  Terran Ship Weapons Level 2  
  157  11:46  Marauder x2, Marine x2  
  153  11:59  Marauder, Marine x2  
  133  12:03  Marine  
  133  12:08  Marauder x2, Marine  
  124  12:12  Medivac  
  124  12:13  Medivac, Widow Mine x2  
  128  12:17  Marine  
  128  12:20  Marine  
  128  12:21  Marauder, Marine  
  133  12:26  Marine  
  133  12:27  Barracks x3, SCV x3  
  133  12:28  Ghost x2  
  139  12:35  Marine  
  140  12:38  Marine  
  140  12:39  Marine  
  140  12:41  Ghost, SCV x3  
  147  12:48  Medivac  
  147  12:49  Medivac  
  151  12:51  Marine  
  151  12:53  Marine  
  151  12:56  Marine  
  151  12:57  Ghost x2, Marine  
  156  13:09  Marine  
  156  13:10  Ghost  
  156  13:11  Marine  
  156  13:14  Widow Mine  
  156  13:16  Marine x2  
  154  13:24  Barracks Reactor, Barracks Tech Lab x2  
  154  13:25  Ghost x2  
  156  13:27  Medivac x2, Widow Mine, Marine  
  156  13:32  Marine  
  164  13:38  Ghost  
  164  13:41  Widow Mine  
  168  13:50  Marauder  
  168  13:51  Marauder  
  168  13:54  Ghost x2, Marine x2  
  158  13:57  Command Center, Marine x2  
  160  14:07  Ghost  
  160  14:08  Widow Mine x2  
  160  14:09  Medivac  
  168  14:10  Marine  
  168  14:11  Ghost  
  168  14:12  Marauder, Marine  
  174  14:22  Marine  
  174  14:23  Marauder x2, Marine x3  
  178  14:27  Marine  
  178  14:30  Marine  
  176  14:33  Marauder  
  176  14:36  Marauder  
  172  14:40  Marauder, Marine  
  172  14:44  Marauder  
  172  14:45  Marauder, Marine x2  
  169  14:46  Marine  
  172  14:55  Marauder  
  172  14:58  Marauder  
  171  15:02  Marauder  
  171  15:04  Marine  
  171  15:05  Marine x2  
  171  15:06  Marauder x2  
  180  15:14  Widow Mine x2  
  160  15:16  Marauder, Marine  
  160  15:19  Marauder, Marine x2  
  163  15:22  Marine  
  163  15:23  Marauder, Marine  
  163  15:27  Marauder x2  
  171  15:31  Planetary Fortress  
  171  15:33  Missile Turret, Marine  
  172  15:37  Marauder  
  172  15:40  Marauder  
  169  15:44  Ghost  
  169  15:48  Ghost x2  
  169  15:49  Orbital Command, Marine  
  179  15:51  Marine  
  179  15:52  Marine  
  179  15:56  Marine  
  180  15:57  Marine  
  180  15:59  Marauder  
  180  16:00  Widow Mine  
  180  16:02  Marauder  
  187  16:06  Marine x2  
Tags
 
Add a new tag
Caveats
  • Supply blocks, unpowered buildings, or Contaminate may cause inaccurate times.
  • Supply counts are checked every 10 seconds.